 Dungeon Crawl Stone Soup version 0.14.1-18-g0856e53 (webtiles) character file.

175 Kae the Firebug (level 4, -1/24 HPs)
             Began as a Deep Elf Fire Elementalist on June 5, 2014.
             Slain by an orc
             ... wielding a +0,+0 dagger
              (6 damage)
             ... on Level 2 of the Dungeon.
             The game lasted 00:03:03 (2181 turns).

Kae the Firebug (Deep Elf Fire Elementalist)        Turns: 2181, Time: 00:03:03

HP  -1/24        AC  2     Str  5      XL: 4   Next: 38%
MP  10/15        EV 13     Int 21      God:
Gold 81          SH  0     Dex 15      Spells:  3 memorised,  5 levels left

rFire  . . .     SeeInvis .     (no weapon)
rCold  . . .     Clarity  .     a - +0 robe
rNeg   . . .     Conserve .     (no shield)
rPois  .         rCorr    .     (no helmet)
rElec  .         rRot     .     (no cloak)
SustAb . .       Spirit   .     (no gloves)
rMut   .         Warding  .     (no boots)
Saprov . . .     Stasis   .     (no amulet)
MR     .....                    (no ring)
                                (no ring)

@: not resistant to hostile enchantments, fairly stealthy
A: no striking features
a: no special abilities


You were on level 2 of the Dungeon.
You were not hungry.

You visited 1 branch of the dungeon, and saw 3 of its levels.

You collected 81 gold pieces.

Inventory:

Armour
 a - a +0 robe (worn)
Comestibles
 c - 2 bread rations
 d - a rotting chunk of adder flesh
 h - a meat ration
 n - an apple
Scrolls
 e - a scroll of teleportation {unknown}
 i - 2 scrolls of amnesia {unknown}
 k - a scroll of fog {unknown}
 m - a scroll of identify {unknown}
 o - a scroll of enchant armour {unknown}
Potions
 g - a potion of invisibility {unknown}
 j - a potion of haste
 p - a potion of heal wounds {unknown}
Books
 b - a book of Flames

   Spells                             Type                      Level
   *Flame Tongue                      Conjuration/Fire             1
   *Throw Flame                       Conjuration/Fire             2
   *Conjure Flame                     Conjuration/Fire             3
   Inner Flame                        Hexes/Fire                   3
   Sticky Flame                       Conjuration/Fire             4
   Fireball                           Conjuration/Fire             5


   Skills:
 - Level 2.4 Dodging
 - Level 2.4 Stealth
 + Level 4.0 Spellcasting
 * Level 3.0 Conjurations
 * Level 4.3 Fire Magic


You had 5 spell levels left.
You knew the following spells:

 Your Spells              Type           Power        Failure   Level  Hunger
a - Flame Tongue          Conj/Fire      ###..        2%          1    None
b - Throw Flame           Conj/Fire      ###...       4%          2    #......
c - Conjure Flame         Conj/Fire      ###.....     10%         3    ###....


Dungeon Overview and Level Annotations

Branches:
Dungeon (3/15)

Altars:
Dithmenos


Message History

Confirm with . or Enter, or press ? or * to list all spells.
Aiming: Flame Tongue
Press: ? - help, Shift-Dir - straight line, f/p - orc
Aim: an orc, wielding a dagger and wearing a leather armour The flame tongue hits the orc.
The orc is almost dead.
The orc hits you but does no damage. The orc hits you with a dagger.
* * * LOW HITPOINT WARNING * * *
Unknown command.
The orc hits you with a club.
* * * LOW HITPOINT WARNING * * *
The orc closely misses you. x2
You climb upwards.
There is a stone staircase leading down here.
Unknown command.
Drink which item? (? for menu, Esc to quit)
You feel better. The orc barely misses you. The orc hits you.
* * * LOW HITPOINT WARNING * * *
The orc hits you with a dagger.
You die...

.......>......#≈⌠.≈#...# #.#### #
..............#≈≈≈≈#..####....###
..............######.............
.########............#####.)..###
.# #....##.#.#.######.###### .#
#.#####.................. .#
####.# #....#######.###### .#
#....# #ooo.# #.###### .# #....#
#%@%## #.##.... #### ######
#############(##.... #..# ##..##
#.##.##.......).....
##.###..#.#####...##...##...#####
##..#...#.........##...##...#
#........#.....#...##.####.##
......................# #.#
##########################.#
#.....# #.#.# #.....##


You could see 3 orcs.

Vanquished Creatures
  4 adders (D:2)
  3 giant geckos (D:1)
  6 orcs
  2 giant cockroaches (D:2)
  5 hobgoblins
  8 jackals
  4 kobolds
  2 quokkas (D:2)
  2 bats
  2 giant newts
  4 goblins
  9 rats
51 creatures vanquished.

Notes
Turn   | Place    | Note
--------------------------------------------------------------
     0 | D:1      | Kae, the Deep Elf Fire Elementalist, began the quest for the Orb.
     0 | D:1      | Reached XP level 1. HP: 10/10 MP: 5/5
   351 | D:1      | Reached XP level 2. HP: 15/15 MP: 3/8
   958 | D:2      | Reached XP level 3. HP: 12/19 MP: 8/11
  1176 | D:2      | Reached skill level 4 in Fire Magic
  1907 | D:2      | Reached XP level 4. HP: 17/24 MP: 14/14
  2007 | D:2      | Learned a level 2 spell: Throw Flame
  2011 | D:2      | Learned a level 3 spell: Conjure Flame
  2035 | D:2      | Found a shadowy altar of Dithmenos.
  2181 | D:2      | Slain by an orc

Action                   |  1- 3 |  4- 6 || total
-------------------------+-------+-------++-------
Melee: Unarmed           |    13 |       ||    13
 Cast: Flame Tongue      |    82 |    27 ||   109
  Use: Potion            |       |     6 ||     6
